 Dungeon Crawl Stone Soup version bcrawl-1.40.3b (webtiles) character file.

Game seed: 12955270507252582397

9929288 Galewind the Devastator (level 18, -4/112 HPs)
             Began as an Avariel Conjurer on Mar 4, 2024.
             Was the Champion of Vehumet.
             Slain by a spriggan defender
             ... wielding a +2 quick blade of piercing
             ... led by a spriggan defender
              (25 damage)
             ... on level 2 of the Spriggan Forest on Mar 6, 2024.
             The game lasted 00:45:35 (28427 turns).

Galewind the Devastator (Avariel Conjurer)         Turns: 28427, Time: 00:45:36

Health: -4/112     AC: 10    Str:  6    XL:     18   Next: 30%
Magic:  19/48      EV: 24    Int: 30    God:    Vehumet [******]
Gold:   780        SH:  0    Dex: 13    Spells: 11/48 levels left

rFire    + . .     GDR:     25% Q - staff of fire
rCold    . . .     Archmagi +   (no shield)
rNeg     . . .     SeeInvis .   V - +2 robe {Archmagi}
rPois    .         Gourm    +   n - +0 helmet
rElec    .         Faith    .   D - +2 cloak
rCorr    .         Spirit   .   a - +0 pair of gloves
MR       +....     Reflect  .   P - +0 pair of boots
Stlth    ++........             U - amulet of the gourmand
HPRegen  0.28/turn              g - ring of wizardry
MPRegen  0.31/turn              y - ring of magical power

@: flying quickly and evasively, deflect missiles, quick
A: able to fly
}: 1/15 runes: serpentine
a: Stop Flying, Renounce Religion


You were on level 2 of the Spriggan Forest.
You worshipped Vehumet.
Vehumet was exalted by your worship.
You were not hungry.

You visited 6 branches of the dungeon, and saw 24 of its levels.

You collected 2239 gold pieces.
You spent 1459 gold pieces at shops.

Inventory:

Missiles
 z - 2 throwing nets {=f}
Armour
 a - a +0 pair of gloves (worn)
 n - a +0 helmet (worn)
 u - a +1 robe of magic recovery
 D - a +2 cloak (worn)
 P - a +0 pair of boots (worn)
 V - a +2 robe of the Archmagi (worn)
Magical Staves
 Q - an uncursed staff of fire (weapon)
Jewellery
 g - a ring of wizardry (left hand)
 j - a +5 ring of evasion
 y - a ring of magical power (right hand)
 N - an uncursed ring of protection from magic
 S - an uncursed ring of resist corrosion
 U - an amulet of the gourmand (around neck)
Wands
 o - a wand of polymorph (38)
 B - a wand of iceblast (11)
 C - a wand of digging (21)
 E - a wand of flame (72)
 F - a wand of random effects (8)
 I - a wand of charming (8)
 W - a wand of paralysis (15)
 X - a wand of disintegration (19)
Scrolls
 b - 9 scrolls of teleportation
 f - a scroll of enchant armour
 i - 6 scrolls of identify
 p - 2 scrolls of immolation
 q - 9 scrolls of amnesia
 r - 11 scrolls of remove curse
 s - 5 scrolls of revelation
 w - 4 scrolls of enchant weapon
 x - 5 scrolls of noise
 G - a scroll of fog
 O - 3 scrolls of fear
 Z - a scroll of brand weapon
Potions
 c - 2 potions of magic
 d - 4 potions of cancellation
 h - a potion of might
 k - 4 potions of lignification
 l - 5 potions of flight
 m - 4 potions of curing
 t - 2 potions of berserk rage
 v - 5 potions of agility
 A - a potion of heal wounds
 H - 3 potions of invisibility
 J - 3 potions of mutation
 M - a potion of brilliance
 R - 3 potions of haste
Miscellaneous
 K - a lightning rod (4/4)
 L - a sack of spiders
Comestibles
 e - 35 rations {!d}


   Skills:
 - Level 12.0 Fighting
   Level 1.3 Slings
 - Level 14.0 Dodging
 - Level 2.1 Stealth
 - Level 0.1 Unarmed Combat
 + Level 15.6 Spellcasting
 - Level 16.0 Conjurations
 - Level 14.0 Hexes
 - Level 7.0 Charms
 - Level 14.0 Fire Magic
 - Level 5.1 Ice Magic
 - Level 9.0 Air Magic
 - Level 2.0 Evocations


You had 11 spell levels left.
You knew the following spells:

 Your Spells              Type           Power        Failure   Level  Hunger
a - Magic Dart            Conj           ####         0%          1    None
b - Searing Ray           Conj           ########     0%          2    None
c - Iskenderun's Mystic   Conj           ########     0%          3    None
d - Deflect Missiles      Chrm/Air       #######...   4%          6    ##.....
e - Ignition              Hex/Fire       ########..   4%          8    None
f - Orb of Destruction    Conj           ########..   1%          7    ####...
g - Freezing Cloud        Ice/Air        #######.     1%          5    None
h - Bolt of Magma         Conj/Fire/Erth ########..   1%          5    None

Your spell library contained the following spells:

 Spells                   Type           Power        Failure   Level  Hunger
 Corona                   Hex            #######      0%          1    None
 Slow                     Hex            ########     0%          1    None
 Tukima's Dance           Hex            ########     0%          3    None
 Apportation              Tloc           #####.       1%          1    None
 Beastly Appendage        Tmut           #####.       1%          1    None
 Infusion                 Chrm           #######.     1%          1    None
 Sandblast                Erth           #####.       1%          1    None
 Summon Butterflies       Summ           #####...     1%          1    None
 Ensorcelled Hibernation  Hex/Ice        ######       1%          2    None
 Passwall                 Tmut/Erth      #####...     1%          2    None
 Sticks to Snakes         Tmut           #####...     1%          2    None
 Fulminant Prism          Conj/Hex       ########..   1%          4    None
 Irradiate                Conj/Tmut      #######...   1%          5    None
 Metabolic Englaciation   Hex/Ice        #######...   1%          5    None
 Darkness                 Hex            ########..   1%          6    ##.....
 Invisibility             Hex            ########     1%          6    ##.....
 Mana Rupture             Conj/Hex       ########..   1%          7    ####...
 Beckoning                Tloc           #####.....   2%          3    None
 Spider Form              Tmut/Pois      ###          2%          3    None
 Ice Form                 Ice/Tmut       ######..     2%          4    None
 Discord                  Hex            ########..   2%          7    ####...
 Infestation              Hex/Tmut/Pois  ######...    17%         6    ##.....
 Blade Hands              Tmut           #####.....   22%         5    None
 Summon Forest            Summ/Tloc      #####.....   22%         5    None
 Borgnjor's Vile Clutch   Necr/Erth      #####.....   73%         6    ##.....
 Dispersal                Tloc           #####.....   73%         6    ##.....
 Shadow Creatures         Summ           N/A          99%         7    ####...
 Time Stop                Chrm/Tloc      N/A          100%        8    ######.


Dungeon Overview and Level Annotations

Branches:
Dungeon (11/12)            Temple (1/1) D:5            Lair (6/6) D:8
  Snake (3/3) Lair:2       Spider (0/3) Lair:4        Slime (0/5) Orc
    Orc (1/1) D:11         Forest (2/3) Lair:6
 Vaults: D:11-12

Altars:
Ashenzari
Cheibriados
Dithmenos
Elyvilon
Fedhas
Gozag
Hepliaklqana
Kikubaaqudgha
Lugonu
Makhleb
Nemelex Xobeh
Okawaru
Qazlal
Ru
Sif Muna
Trog
Uskayaw
Vehumet
Wu Jian
Xom
Yredelemnul
Zin
The Shining One
Jiyva

Shops:
D:7 =   D:11 **   Orc *%(!*?   Snake:2 }=}

Annotations:
D:2 1 runed door
Lair:1 1 runed translucent door, Returnofthet's ghost, novice VSAc
Snake:1 Asterion


Innate Abilities, Weirdness & Mutations

You can fly continuously.


Message History

Okay, then.
You feel much better.
The spriggan defender hits you with a +2 quick blade of piercing!
* * * LOW HITPOINT WARNING * * *
x2 The spriggan defender misses you.
Unknown command.
Casting: Iskenderun's Mystic Blast (safe; 0% risk of failure)
Confirm with . or Enter, or press ? or * to list all spells.
Okay, then.
Casting: Iskenderun's Mystic Blast (safe; 0% risk of failure)
Confirm with . or Enter, or press ? or * to list all spells.
Aiming: Orb of Destruction (safe; 1% risk of failure)
Press: ? - help, Shift-Dir - straight line, f/p - spriggan defender
Aim: a spriggan defender, wielding a +2 quick blade of piercing, wearing a +0 robe and wearing a +2 buckler of reflection (heavily wounded)
You feel a surge of power!
The wavering orb of destruction weakly hits the spriggan defender!
The spriggan defender is severely wounded.
The spriggan defender misses you.
The spriggan defender hits you with a +2 quick blade of piercing!!
You die...

*****♣♣* *♣♣ ♣♣* *♣*
***,*.≈≈.♣♣♣*♣♣.♣ ♣≈*♣* ♣♣≈*
*,*,,..≈....♣...* *.♣.♣♣♣♣..♣♣
**,**..≈≈..♣.♣.♣♣♣ *♣.♣...♣...♣
*,*,,.♣≈.♣♣...≈≈≈♣ ♣♣♣.♣♣.♣.♣...
**,,**.....†♣.≈≈♣.♣♣♣.♣<...♣..♣..
,,,,*,.≈.♣...♣≈♣.........♣.♣.♣♣..
*,,,*,≈.....♣.≈.@i..♣.♣.♣.......♣
,*,*,≈*..♣.♣..§♣♣♣.♣.....♣...♣...
,,,,≈,,,♣.....≈.♣.♣.......♣.♣.♣.♣
,,,*≈,...♣.♣.♣≈♣.♣...♣†♣♣.♣♣.♣.♣♣
,,,≈,,.,......≈♣....♣.†.♣♣≈≈≈≈≈≈≈
,≈≈,,,"....♣♣..♣♣.......†≈.♣.♣.♣.
≈≈,,,,..♣..,♣♣....♣♣♣♣♣.≈.♣.♣...♣
,,,,,,....,,*≈i..♣♣ ♣≈≈♣.♣..♣♣.
,,,,,,,...,,,≈♣.♣*** *♣≈≈≈♣......


You could see a spriggan defender.

Vanquished Creatures
  Vashnia (Snake:3)
  Donald (Snake:1)
  Kirke (Lair:2)
  12 nagarajas
  An apis (Forest:1)
  A greenwood witch (Forest:1)
  Louise (Snake:2)
  A spriggan defender (Forest:2)
  Nessos (Lair:4)
  3 dire elephants
  A spark wasp (Forest:2)
  A fire dragon (Lair:6)
  Snorg (Lair:6)
  8 hydras
  Urug (Lair:6)
  Harold (D:8)
  3 rakshasas
  15 naga warriors
  Psyche (D:11)
  2 spriggan air magi (Forest:2)
  12 anacondas
  2 two-headed ogres
  A satyr (Forest:1)
  19 naga sharpshooters
  27 death yaks
  9 shock serpents
  A centaur warrior (D:11)
  3 salamander mystics
  A swamp dragon (Lair:6)
  An unseen horror (D:10)
  3 skeletal warriors (D:11)
  9 naga ritualists
  Pikel (D:9)
  A wolf spider (Forest:1)
  A wolf spider zombie (D:11)
  3 cyclopes
  6 mana vipers
  An orc sorcerer (Orc)
  10 naga magi
  4 orc knights (Orc)
  A deep elf mage (D:11)
  10 salamanders
  4 fauns (Forest:1)
  An ugly thing (D:10)
  2 water nymphs (Forest:2)
  3 elephants (Lair:6)
  28 black mambas
  15 guardian serpents (Snake:3)
  Joseph (D:9)
  A gargoyle (D:10)
  5 will-o'-wisps (Forest:2)
  3 rime drakes
  3 komodo dragons
  11 cane toads
  A demonic crawler (Lair:4)
  4 kobold demonologists (D:11)
  An eye of draining (D:10)
  Maurice (Orc)
  6 trolls
  A queen bee (D:10)
  Grinder (D:6)
  A harpy skeleton (D:11)
  7 hippogriffs
  23 blink frogs
  5 slime creatures
  9 dream sheep
  5 hornets
  Grum (D:9)
  2 meliai zombies (D:11)
  Sigmund (D:2)
  5 spriggans
  2 wyverns
  3 water elementals (Forest:2)
  25 yaks
  A hungry ghost (D:7)
  3 basilisks
  3 hogs
  2 wraiths
  A golden eye (shapeshifter) (D:10)
  4 vampire mosquitoes (D:11)
  A steam dragon (Lair:6)
  2 wargs (D:11)
  Menkaure (D:6)
  2 acid dragons (Lair:6)
  11 crocodiles
  39 nagas
  6 water moccasins
  26 orc warriors
  6 porcupines
  2 swamp drakes (Lair:6)
  A slave (D:9)
  A cane toad skeleton (D:10)
  3 ice beasts
  A phantom (D:8)
  A necrophage (D:5)
  A sky beast (D:7)
  A hornet zombie (D:10)
  4 ogres
  4 wolves
  10 bullfrogs
  4 kobold brigands
  A rime drake skeleton (D:10)
  14 centaurs
  7 scorpions
  A water moccasin skeleton (D:10)
  8 wights
  30 killer bees (D:10)
  A howler monkey (D:6)
  3 electric eels (D:8)
  11 orc priests
  5 crimson imps
  2 bullfrog zombies
  A quasit (D:9)
  3 jellies
  6 hounds
  Jessica (D:3)
  8 iguanas
  Natasha (thrice) (D:3)
  10 orc wizards
  12 worker ants
  A hound skeleton (D:9)
  Robin (D:3)
  10 adders
  A shadow imp (D:4)
  An ooze (D:2)
  2 adder zombies
  An adder skeleton (D:7)
  6 worms
  2 leopard geckos
  68 orcs
  5 bats
  5 giant cockroaches
  5 goblins
  12 hobgoblins
  7 jackals
  2 quokkas
  A ball python (D:1)
  4 frilled lizards (D:1)
  A jackal zombie (D:5)
  26 kobolds
  A quokka skeleton (D:4)
  A quokka zombie (D:6)
  6 rats
  6 plants
807 creatures vanquished.

Vanquished Creatures (collateral kills)
  4 dream sheep (Lair:6)
4 creatures vanquished.

Vanquished Creatures (others)
  A komodo dragon (Lair:6)
  4 yaks (Lair:5)
  An orc wizard (D:9)
  2 iguanas (Lair:6)
  An orc (D:9)
  8 fungi
  31 plants
48 creatures vanquished.

Grand Total: 859 creatures vanquished

Notes
Turn   | Place    | Note
-------+----------+-------------------------------------------
     0 | D:1      | Galewind the Avariel Conjurer began the quest for the Orb.
     0 | D:1      | Reached XP level 1. HP: 10/10 MP: 6/6
   155 | D:1      | Reached XP level 2. HP: 15/15 MP: 2/7
   372 | D:1      | Reached skill level 6 in Conjurations
   544 | D:1      | Learned a level 2 spell: Searing Ray
   551 | D:1      | Reached XP level 3. HP: 7/19 MP: 2/9
  1176 | D:2      | Noticed Sigmund
  1180 | D:2      | Killed Sigmund
  1181 | D:2      | Reached skill level 8 in Conjurations
  1181 | D:2      | Reached XP level 4. HP: 24/24 MP: 3/11
  1181 | D:2      | Reached XP level 5. HP: 28/28 MP: 3/12
  1253 | D:2      | Found a shimmering altar of Xom.
  1253 | D:2      | Found a shadowy altar of Dithmenos.
  1261 | D:2      | Learned a level 3 spell: Iskenderun's Mystic Blast
  1584 | D:2      | Found a runed door.
  2191 | D:3      | Reached XP level 6. HP: 33/33 MP: 6/13
  2291 | D:3      | Found a sparkling altar of Nemelex Xobeh.
  2303 | D:3      | Noticed Natasha
  2312 | D:3      | Killed Natasha
  2547 | D:3      | Noticed Robin
  2549 | D:3      | Killed Robin
  2683 | D:3      | Noticed Natasha
  2685 | D:3      | Killed Natasha
  2731 | D:3      | Noticed Natasha
  2732 | D:3      | Killed Natasha
  2733 | D:3      | Reached skill level 1 in Fighting
  2740 | D:3      | Noticed Jessica
  2742 | D:3      | Killed Jessica
  2793 | D:3      | Reached skill level 9 in Conjurations
  3144 | D:4      | Reached skill level 5 in Spellcasting
  3144 | D:4      | Reached XP level 7. HP: 38/38 MP: 5/16
  3618 | D:4      | Found an ancient bone altar of Kikubaaqudgha.
  3972 | D:5      | Entered Level 5 of the Dungeon
  4237 | D:5      | Found a staircase to the Ecumenical Temple.
  4245 | D:5      | Reached skill level 10 in Conjurations
  4255 | D:5      | Reached XP level 8. HP: 36/43 MP: 1/19
  4257 | Temple   | Entered the Ecumenical Temple
  4645 | D:5      | Reached skill level 1 in Evocations
  4833 | D:5      | Found a blossoming altar of Fedhas.
  4840 | D:5      | Found a stormy altar of Qazlal.
  4843 | D:5      | Found a shattered altar of Ashenzari.
  5467 | D:6      | Reached skill level 11 in Conjurations
  5498 | D:6      | Noticed Grinder
  5502 | D:6      | Killed Grinder
  5576 | D:6      | Gained mutation: You can fly continuously. [Avariel growth]
  5576 | D:6      | Reached XP level 9. HP: 47/47 MP: 19/23
  5805 | D:6      | Found a bloodstained altar of Trog.
  5880 | D:6      | Found a hazy altar of Hepliaklqana.
  5952 | D:6      | Found a glowing golden altar of the Shining One.
  5965 | D:6      | Noticed Menkaure
  5968 | D:6      | Killed Menkaure
  5969 | D:6      | Reached skill level 12 in Conjurations
  6143 | D:6      | Reached skill level 10 in Spellcasting
  6569 | D:7      | Reached skill level 5 in Dodging
  6933 | D:7      | Noticed a two-headed ogre
  6937 | D:7      | Killed a two-headed ogre
  6938 | D:7      | Reached XP level 10. HP: 56/56 MP: 6/26
  7011 | D:7      | Found Voyr's Jewellery Emporium.
  7284 | D:7      | Found a shimmering blue altar of Sif Muna.
  7300 | D:7      | Found a radiant altar of Vehumet.
  7369 | D:7      | Became a worshipper of Vehumet
  7500 | D:8      | Noticed a two-headed ogre
  7506 | D:8      | Killed a two-headed ogre
  7537 | D:8      | Found a bloodstained altar of Trog.
  7675 | D:8      | Found an ornate altar of the Wu Jian Council.
  7685 | D:8      | Noticed Harold
  7702 | D:8      | Killed Harold
  7765 | D:8      | Noticed a cyclops
  7778 | D:8      | Killed a cyclops
  7779 | D:8      | Reached skill level 13 in Conjurations
  7904 | D:8      | Found a staircase to the Lair.
  7937 | D:8      | Reached XP level 11. HP: 61/61 MP: 14/28
  8309 | Lair:1   | Entered Level 1 of the Lair of Beasts
  8372 | Lair:1   | Learned a level 6 spell: Deflect Missiles
  8409 | Lair:1   | Reached skill level 14 in Conjurations
  8409 | Lair:1   | Reached skill level 1 in Charms
  8409 | Lair:1   | Reached skill level 1 in Air Magic
  8442 | Lair:1   | Found a runed translucent door.
  8472 | Lair:1   | Reached * piety under Vehumet
  8472 | Lair:1   | Offered knowledge of Sting by Vehumet.
  8852 | Lair:1   | Reached skill level 5 in Air Magic
  8934 | Lair:1   | Noticed Returnofthet's ghost (novice VSAc)
  8935 | Lair:1   | Identified the +10 spear of the Undead {elec, rElec Int+5
                  | Dex-5}
  9059 | Lair:1   | Reached skill level 5 in Charms
  9299 | Lair:2   | Noticed a six-headed hydra
  9305 | Lair:2   | Killed a six-headed hydra
  9572 | Lair:2   | Reached XP level 12. HP: 66/66 MP: 30/30
  9581 | Lair:2   | Found a shimmering altar of Xom.
  9702 | Lair:2   | Found a staircase to the Snake Pit.
 10071 | Lair:3   | Noticed Kirke
 10346 | Lair:2   | Killed Kirke
 10600 | Lair:3   | Identified the Compendium of Spatial Earth
 10610 | Lair:3   | Reached skill level 5 in Fighting
 10769 | Lair:3   | Noticed a five-headed hydra
 10773 | Lair:3   | Killed a five-headed hydra
 11186 | Lair:4   | Noticed Nessos
 11188 | Lair:4   | Found a hole to the Spider Nest.
 11230 | Lair:4   | Killed Nessos
 11330 | Lair:4   | Offered knowledge of Flame Tongue by Vehumet.
 11331 | Lair:4   | Reached skill level 10 in Dodging
 11337 | Lair:4   | Reached ** piety under Vehumet
 12064 | Lair:5   | Noticed a five-headed hydra
 12069 | Lair:5   | Killed a five-headed hydra
 12216 | Lair:5   | Noticed an eight-headed hydra
 12222 | Lair:5   | Killed an eight-headed hydra
 12223 | Lair:5   | Reached XP level 13. HP: 78/78 MP: 26/31
 12365 | Lair:5   | Offered knowledge of Stone Arrow by Vehumet.
 13017 | Lair:6   | Entered Level 6 of the Lair of Beasts
 13433 | Lair:6   | Reached *** piety under Vehumet
 13478 | Lair:6   | Reached skill level 15 in Conjurations
 13654 | Lair:6   | Noticed Snorg
 13785 | Lair:6   | Offered knowledge of Throw Icicle by Vehumet.
 14074 | Lair:6   | Killed Snorg
 14075 | Lair:6   | Reached XP level 14. HP: 84/84 MP: 33/33
 14079 | Lair:6   | Noticed Urug
 14085 | Lair:6   | Killed Urug
 14129 | Lair:6   | Reached skill level 16 in Conjurations
 14238 | Lair:6   | Reached **** piety under Vehumet
 14241 | Lair:6   | Found a staircase to the Spriggan Forest.
 14566 | Lair:6   | Offered knowledge of Lee's Rapid Deconstruction by Vehumet.
 14567 | Lair:6   | Reached skill level 15 in Spellcasting
 15851 | D:9      | Noticed Pikel
 15857 | D:9      | Killed Pikel
 15949 | D:9      | Noticed Joseph
 15954 | D:9      | Killed Joseph
 16140 | D:9      | Noticed Grum
 16143 | D:9      | Killed Grum
 16580 | D:10     | Entered Level 10 of the Dungeon
 17147 | D:10     | Reached ***** piety under Vehumet
 17185 | D:10     | Offered knowledge of Mana Rupture by Vehumet.
 17413 | D:10     | Reached skill level 10 in Fighting
 18200 | D:11     | Found a staircase to the Orcish Mines.
 18321 | D:11     | Found a blossoming altar of Fedhas.
 18404 | D:11     | Reached XP level 15. HP: 69/95 MP: 35/36
 18473 | D:11     | Found Feughan's Assorted Antiques.
 18487 | D:11     | Bought a scroll of identify for 50 gold pieces
 18487 | D:11     | Bought a triangular jasper amulet for 125 gold pieces
 18542 | D:11     | Found Reck's General Store.
 18545 | D:11     | Noticed Psyche
 18561 | D:11     | Killed Psyche
 18571 | D:11     | Bought a book of Misfortune for 880 gold pieces
 18583 | D:11     | Learned a level 8 spell: Ignition
 18613 | D:11     | Got an ichor-stained hunting sling
 18790 | D:11     | Reached skill level 1 in Slings
 18790 | D:11     | Reached skill level 1 in Hexes
 18790 | D:11     | Reached skill level 1 in Fire Magic
 19092 | Orc      | Entered the Orcish Mines
 19279 | Orc      | Found a viscous altar of Jiyva.
 19279 | Orc      | Found a staircase to the Slime Pits.
 19429 | Orc      | Found Plog's General Store.
 19508 | Orc      | Noticed Maurice
 19512 | Orc      | Killed Maurice
 19667 | Orc      | Found Oluwud's Magic Scroll Emporium.
 19670 | Orc      | Bought a scroll of enchant armour for 97 gold pieces
 19706 | Orc      | Found Finuna's Distillery.
 19706 | Orc      | Found Poephej's Antique Weapon Shop.
 19706 | Orc      | Found Uxuith's Food Boutique.
 19709 | Orc      | Found Olinudy's General Store.
 19713 | Orc      | Bought a potion of haste for 170 gold pieces
 19713 | Orc      | Bought 2 potions of curing for 85 gold pieces
 19721 | Orc      | Bought a potion of brilliance for 52 gold pieces
 20049 | Forest:1 | Entered Level 1 of the Spriggan Forest
 20177 | Forest:1 | Reached ****** piety under Vehumet
 20187 | Forest:1 | Reached skill level 5 in Hexes
 20412 | Forest:1 | Reached skill level 5 in Fire Magic
 20456 | Forest:1 | Noticed an apis
 20463 | Forest:1 | Killed an apis
 20463 | Forest:1 | Offered knowledge of Orb of Destruction by Vehumet.
 20485 | Forest:1 | Learned a level 7 spell: Orb of Destruction
 20817 | Forest:1 | Noticed a greenwood witch
 20820 | Forest:1 | Killed a greenwood witch
 22365 | Snake:1  | Entered Level 1 of the Snake Pit
 22369 | Snake:1  | Reached XP level 16. HP: 91/100 MP: 37/37
 22514 | Snake:1  | Reached skill level 10 in Fire Magic
 22663 | Snake:1  | Noticed a nagaraja
 22669 | Snake:1  | Killed a nagaraja
 22789 | Snake:1  | Noticed Asterion
 22943 | Snake:1  | Noticed Donald
 22947 | Snake:1  | Killed Donald
 23295 | Snake:1  | Noticed a nagaraja
 24110 | Snake:2  | Noticed a nagaraja
 24114 | Snake:2  | Killed a nagaraja
 24232 | Snake:2  | Offered knowledge of Freezing Cloud by Vehumet.
 24592 | Snake:2  | Reached skill level 10 in Hexes
 24665 | Snake:2  | Noticed Louise
 24675 | Snake:2  | Killed Louise
 24924 | Snake:2  | Found a white marble altar of Elyvilon.
 24980 | Snake:2  | Found Pugraq's Gadget Shoppe.
 25020 | Snake:2  | Found Mekhatzo's Jewellery Shop.
 25021 | Snake:2  | Found Ixtett's Gadget Shoppe.
 25365 | Snake:3  | Entered Level 3 of the Snake Pit
 25376 | Snake:3  | Learned a level 5 spell: Freezing Cloud
 25447 | Snake:3  | Reached XP level 17. HP: 90/104 MP: 38/38
 25497 | Snake:3  | Reached skill level 1 in Ice Magic
 26062 | Snake:3  | Reached skill level 5 in Ice Magic
 26177 | Snake:3  | Noticed Vashnia
 26197 | Snake:3  | Killed Vashnia
 26671 | Snake:3  | Offered knowledge of Bolt of Magma by Vehumet.
 27226 | Snake:3  | Reached XP level 18. HP: 108/110 MP: 38/39
 27232 | Snake:3  | Learned a level 5 spell: Bolt of Magma
 27996 | Snake:3  | Got a serpentine rune of Zot
 28427 | Forest:2 | Slain by a spriggan defender

Skill      XL: |  1  2  3  4  5  6  7  8  9 10 11 12 13 14 15 16 17 18 |
---------------+-------------------------------------------------------+-----
Conjurations   | 6 8 9 10 11 12 13 14 15 16 | 16.0
Spellcasting   | 3 5 6 8 10 11 12 13 15 | 15.6
Fighting       | 1 4 8 11 12 | 12.0
Dodging        | 3 7 8 10 12 13 14 | 14.0
Evocations     | 1 2 |  2.0
Charms         | 7 |  7.0
Air Magic      | 8 9 |  9.0
Slings         | 1 |  1.3
Hexes          | 8 10 14 | 14.0
Fire Magic     | 9 14 | 14.0
Ice Magic      | 5 |  5.1
Stealth        | |  2.1
Unarmed Combat | |  0.1

Action                   |  1- 3 |  4- 6 |  7- 9 | 10-12 | 13-15 | 16-18 || total
-------------------------+-------+-------+-------+-------+-------+-------++-------
Melee: Whip              |     6 |     2 |    11 |     1 |     3 |       ||    23
       Unarmed           |     6 |       |       |     9 |       |       ||    15
       Staff             |       |       |       |       |     3 |     1 ||     4
 Cast: Magic Dart        |    48 |    11 |       |       |       |       ||    59
       Searing Ray       |     2 |     3 |     1 |       |       |       ||     6
       Iskenderun's Myst |       |    37 |   127 |   250 |   731 |   462 ||  1607
       Deflect Missiles  |       |       |       |     1 |       |       ||     1
       Orb of Destructio |       |       |       |       |       |    20 ||    20
       Ignition          |       |       |       |       |       |    19 ||    19
       Freezing Cloud    |       |       |       |       |       |    19 ||    19
Evoke: Wand              |       |       |     1 |     1 |    11 |     3 ||    16
  Use: Scroll            |     4 |     3 |     7 |     8 |    12 |     7 ||    41
       Potion            |       |       |       |     3 |     2 |     1 ||     6
  Eat: Chunk             |     2 |    11 |    12 |    19 |    28 |     6 ||    78
       Ration            |       |       |     1 |       |     2 |     7 ||    10
Armor: Robe              |     3 |       |     4 |     4 |    27 |    13 ||    51
Dodge: Dodged            |    12 |     4 |    19 |    72 |   359 |   159 ||   625
       Deflected         |       |       |       |     5 |    20 |    61 ||    86
